 Dungeon Crawl Stone Soup version 0.24.1-8-ga250c9d538 (webtiles) character file.

Game seed: 5960988297513175782, levelgen mode: deterministic

21 CrazyMind the Sneak (level 2, -1/13 HPs)
             Began as a Spriggan Enchanter on May 1, 2020.
             Slain by a giant cockroach (2 damage)
             ... on level 1 of the Dungeon on May 2, 2020.
             The game lasted 00:06:09 (738 turns).

CrazyMind the Sneak (Spriggan Enchanter)             Turns: 738, Time: 00:06:10

Health: -1/13      AC:  0    Str:  4    XL:     2   Next: 62%
Magic:  3/6        EV: 18    Int: 16    God:
Gold:   25         SH:  0    Dex: 16    Spells: 3/6 levels left

rFire    . . .     SeeInvis +   a - +1 dagger
rCold    . . .     Gourm    .   (shield restricted)
rNeg     . . .     Faith    .   (armour restricted)
rPois    .         Spirit   .   (helmet restricted)
rElec    .         Reflect  .   (no cloak)
rCorr    .         Harm     .   (gloves unavailable)
MR       .....                  (boots unavailable)
Stlth    +++.......             (no amulet)
HPRegen  0.04/turn              (no ring)
MPRegen  0.10/turn              (no ring)

@: very slightly contaminated, very quick
A: very small, unfitting armour, see invisible, herbivore, speed 3, slow
metabolism 2
a: no special abilities


You were on level 1 of the Dungeon.
You were not hungry.

You visited 1 branch of the dungeon, and saw 1 of its levels.

You collected 25 gold pieces.

Inventory:

Hand Weapons
 a - a +1 dagger (weapon)
Missiles
 f - 20 arrows
 g - 5 boomerangs (quivered)
 i - 23 sling bullets
 n - 4 stones
Armour
 b - a +0 robe
Scrolls
 c - a scroll of identify {unknown}
 j - a scroll of immolation {unknown}
 k - a scroll of enchant weapon {unknown}
 l - a scroll of magic mapping {unknown}
 m - a scroll of teleportation {unknown}
Potions
 e - a potion of magic {unknown}
 h - a potion of resistance {unknown}
Comestibles
 d - a ration


   Skills:
 * Level 1.2 Short Blades
 + Level 3.0 Dodging
 * Level 5.3 Stealth
 + Level 2.8 Spellcasting
 + Level 3.9 Hexes
 + Level 0.2 Ice Magic


You had 3 spell levels left.
You knew the following spells:

 Your Spells              Type           Power        Failure   Level  Hunger
a - Corona                Hex            ###....      3%          1    #......
b - Ensorcelled Hibernat  Hex/Ice        #.....       12%         2    ##.....

Your spell library contained the following spells:

 Spells                   Type           Power        Failure   Level  Hunger
 Confuse                  Hex            ###.....     11%         3    ###....
 Tukima's Dance           Hex            ###.....     11%         3    ###....
 Dazzling Spray           Conj/Hex       #.....       26%         3    ###....


Dungeon Overview and Level Annotations

Branches:
Dungeon (1/15)

Altars:


Innate Abilities, Weirdness & Mutations

You are very small and have problems with some larger weapons.
You are too small for most types of armour.
You have supernaturally acute eyesight. (SInv)
You are a herbivore.
You cover ground extremely quickly.
You need to consume almost no food.


Message History

The giant cockroach closely misses you. The giant cockroach barely misses you.
The giant cockroach completely misses you.
The giant cockroach misses you. The giant cockroach barely misses you.
The giant cockroach misses you. The giant cockroach bites you.
The giant cockroach misses you. The giant cockroach bites you.
* * * LOW HITPOINT WARNING * * *
The giant cockroach closely misses you. The giant cockroach bites you.
* * * LOW HITPOINT WARNING * * *
The giant cockroach closely misses you. The giant cockroach barely misses you.
The giant cockroach barely misses you. The giant cockroach closely misses you.
The giant cockroach completely misses you.
The giant cockroach bites you.
You die...

#.#........#.#.#..
#........ #.#.#.<
#...... . # #.#..
#.... .. #.### #..#
... #.... #..# ...>
...##+ #..#.....
##..# #s.......
#...#
#@######+###...#
#..........#...###
#.................
#.#..........##.....
#................#
#.##############†#
#. ........#.# #
####'#.# #......#


You could see a giant cockroach.

Vanquished Creatures
  A dart slug (D:1)
  A leopard gecko (D:1)
  3 bats (D:1)
  2 goblins (D:1)
  2 hobgoblins (D:1)
  A ball python (D:1)
  2 frilled lizards (D:1)
  A kobold (D:1)
  5 rats (D:1)
18 creatures vanquished.

Notes
Turn   | Place    | Note
-------+----------+-------------------------------------------
     0 | D:1      | CrazyMind the Spriggan Enchanter began the quest for the
                  | Orb.
     0 | D:1      | Reached XP level 1. HP: 9/9 MP: 5/5
   138 | D:1      | Reached XP level 2. HP: 13/13 MP: 6/6
   142 | D:1      | Learned a level 2 spell: Ensorcelled Hibernation
   164 | D:1      | Reached skill level 5 in Stealth
   738 | D:1      | Slain by a giant cockroach

Levels and vault maps discovered:
D:1:      minmay_arrival_four_houses, layout_basic, minmay_pentomino_u4

Skill      XL: |  1  2 |
---------------+-------+-----
Stealth        | 5 |  5.3
Short Blades   | |  1.2
Dodging        | |  3.0
Spellcasting   | |  2.8
Hexes          | |  3.9
Ice Magic      | |  0.2

Action                   || total
-------------------------++-------
Melee: Dagger            ||    44
 Cast: Corona            ||     6
       Ensorcelled Hiber ||    11
 Stab: Sleeping          ||    11
Armor: Robe              ||     3
Dodge: Dodged            ||    53
